 Dungeon Crawl Stone Soup version 0.21-a0-41-g5e91fef (webtiles) character file.

2423 tilp the Cutter (level 9, -7/62 HPs)
             Began as a Pale Draconian Fire Elementalist on June 4, 2017.
             Was a Priest of Okawaru.
             Shot with a sling bullet by Joseph (14 damage)
             ... on level 7 of the Dungeon.
             The game lasted 00:48:10 (9865 turns).

tilp the Cutter (Pale Draconian Fire Elementalist)  Turns: 9865, Time: 00:48:10

Health: -7/62      AC: 11    Str: 10      XL:     9   Next: 24%
Magic:  12/19      EV: 11    Int: 20      God:    Okawaru [***...]
Gold:   287        SH:  0    Dex:  4 (11) Spells: 3/22 levels left

rFire    . . .     SeeInvis .   A - +0 battleaxe
rCold    . . .     Gourm    .   (shield currently unavailable)
rNeg     + . .     Faith    .   (armour unavailable)
rPois    .         Spirit   .   (helmet restricted)
rElec    .         Reflect  .   (no cloak)
rCorr    .         Harm     .   i - +0 pair of gloves
MR       .....                  p - +2 pair of boots
Stlth    +.........             (no amulet)
Regen    0.2/turn               (no ring)
MPRegen  0.2/turn               o - ring of positive energy

@: short of breath
A: breathe steam, unfitting armour, cold-blooded, AC +7
a: Breathe Steam, Heroism, Renounce Religion


You were on level 7 of the Dungeon.
You worshipped Okawaru.
Okawaru was most pleased with you.
You were not hungry.

You visited 2 branches of the dungeon, and saw 8 of its levels.

You collected 332 gold pieces.
You spent 45 gold pieces at shops.

Inventory:

Hand Weapons
 b - a +0 short sword
 r - a +0 hand axe
 s - a +1 halberd of flaming
 A - a +0 battleaxe (weapon)
 C - a +1 shortbow of velocity
Missiles
 j - 2 throwing nets (quivered)
Armour
 e - a +1 shield of protection
 i - a +0 pair of gloves (worn)
 p - a +2 pair of boots (worn)
Jewellery
 k - an uncursed amulet of harm
 o - a ring of positive energy (right hand)
 v - an uncursed ring of ice
Wands
 q - a wand of disintegration (2/24)
 t - a wand of polymorph (3/24)
Scrolls
 d - 2 scrolls of fog
 f - a scroll of immolation {unknown}
 g - 5 scrolls of identify
 l - 2 scrolls of recharging
 n - a scroll of blinking
 u - 3 scrolls of remove curse
 x - a scroll of holy word {unknown}
Potions
 c - a potion of mutation
 w - a potion of haste
Books
 a - a book of Flames

   Spells                             Type                      Level
   a - Flame Tongue                   Conjuration/Fire             1
   b - Throw Flame                    Conjuration/Fire             2
   c - Conjure Flame                  Conjuration/Fire             3
   d - Inner Flame                    Hexes/Fire                   3
   e - Sticky Flame                   Conjuration/Fire             4
   f - Fireball                       Conjuration/Fire             5
 m - a book of Changes

   Spells                             Type                      Level
   a - Beastly Appendage              Transmutation                1
   b - Sticks to Snakes               Transmutation                2
   c - Spider Form                    Transmutation/Poison         3
   d - Ice Form                       Ice/Transmutation            4
   e - Blade Hands                    Transmutation                5
 y - a book of Air

   Spells                             Type                      Level
   a - Shock                          Conjuration/Air              1
   b - Swiftness                      Charms/Air                   2
   c - Static Discharge               Conjuration/Air              3
   d - Airstrike                      Air                          4
   e - Lightning Bolt                 Conjuration/Air              5
Comestibles
 h - 7 fruits
 B - a bread ration


   Skills:
 - Level 7.9 Short Blades
 * Level 1.3 Axes
 - Level 1.7 Dodging
 - Level 1.7 Stealth
 - Level 7.1 Spellcasting
 - Level 1.0 Conjurations
 + Level 6.7 Fire Magic
 * Level 1.3 Invocations
 * Level 1.3 Evocations


You had 3 spell levels left.
You knew the following spells:

 Your Spells              Type           Power        Failure   Level  Hunger
a - Flame Tongue          Conj/Fire      ###..        1%          1    None
b - Throw Flame           Conj/Fire      ###...       2%          2    None
c - Conjure Flame         Conj/Fire      ###.....     5%          3    #......
d - Inner Flame           Hex/Fire       ###.....     7%          3    #......
e - Sticky Flame          Conj/Fire      ###.....     19%         4    ###....
f - Fireball              Conj/Fire      ###.......   45%         5    #####..
g - Shock                 Conj/Air       #...         8%          1    None


Dungeon Overview and Level Annotations

Branches:
Dungeon (7/15)             Temple (1/1) D:4

Altars:
Ashenzari
Cheibriados
Dithmenos
Elyvilon
Fedhas
Gozag
Hepliaklqana
Kikubaaqudgha
Makhleb
Nemelex Xobeh
Okawaru
Qazlal
Ru
Sif Muna
Trog
Uskayaw
Vehumet
Wu Jian
Xom
Zin
The Shining One

Shops:
D:6 [

Annotations:
D:2 Sigmund
D:3 Duffy's ghost, amateur FoFi
D:4 Xenophilius's ghost, amateur NaEn
D:6 anet's ghost, novice DEWz
D:7 2 runed doors, Joseph


Innate Abilities, Weirdness & Mutations

You can breathe blasts of scalding, opaque steam.
Your pale cyan-grey scales are hard. (AC +7)
You cannot fit into any form of body armour.
You are cold-blooded and may be slowed by cold attacks.


Message History

The sling bullet burns you.
Casting: Throw Flame
Confirm with . or Enter, or press ? or * to list all spells.
Aiming: Throw Flame
Press: ? - help, Shift-Dir - straight line, f/p - Joseph
Aim: Joseph, wielding a hunting sling of flaming and wearing a leather armour (lightly wounded)
The puff of flame hits Joseph.
Joseph is moderately wounded.
Joseph shoots a sling bullet.
The sling bullet hits you! The sling bullet burns you!
Press: ? - help, Shift-Dir - straight line, p - Joseph You exhale a blast of scalding steam.
You feel somewhat more hungry.
You start resting.
Joseph shoots a sling bullet.
The sling bullet hits you!
* * * LOW HITPOINT WARNING * * *
The sling bullet burns you.
* * * LOW HITPOINT WARNING * * *
You see here a sling bullet.
Joseph shoots a sling bullet.
The sling bullet hits you!
You die...

.# #(# .# .# +.+ .# ..#
#.# .# #.## ###'### .# #
####..####8#.#8##.#.####
......................>+
....#..####.####.######
###..#[## #.# #.#
Sa##....# #.# #@# SW
##...###.# #(# ..
##...##.# #.# .#
###..(.####(# #
yyy####....#.# ?
..yyyy+)####.#.#
#.....####....#@#
##..###....####.#
#.##......####.#


You could see Joseph.

Vanquished Creatures
  Grinder (D:6)
  A hippogriff (D:7)
  A water moccasin (D:7)
  An orc warrior (D:7)
  An ogre (D:6)
  A black bear (D:6)
  A necrophage (D:7)
  2 centaurs
  A bullfrog (D:6)
  A water moccasin skeleton (D:6)
  3 scorpions
  5 howler monkeys (D:5)
  3 crimson imps
  A quasit (D:7)
  3 hounds
  An orc wizard (D:4)
  A bullfrog skeleton (D:4)
  An orc priest (D:5)
  A gnoll shaman (D:5)
  4 centaur skeletons
  2 iguanas
  7 worker ants
  Terence (D:3)
  A hound skeleton (D:5)
  9 gnolls
  5 adders
  2 shadow imps
  A white imp (D:5)
  An ooze (D:2)
  2 adder skeletons
  3 worms
  2 dart slugs
  6 leopard geckos
  5 orcs
  A ball python (D:3)
  4 bats
  10 giant cockroaches
  7 goblins
  10 hobgoblins
  14 jackals
  4 quokkas
  6 frilled lizards
  11 kobolds
  A leopard gecko skeleton (D:7)
  A leopard gecko zombie (D:6)
  10 rats
160 creatures vanquished.

Vanquished Creatures (others)
  A leopard gecko (D:6)
  A jackal (D:5)
  A fungus (D:6)
3 creatures vanquished.

Grand Total: 163 creatures vanquished

Notes
Turn   | Place    | Note
-------+----------+-------------------------------------------
     0 | D:1      | tilp the Draconian Fire Elementalist began the quest for the Orb.
     0 | D:1      | Reached XP level 1. HP: 14/14 MP: 3/3
   178 | D:1      | Reached XP level 2. HP: 20/20 MP: 0/5
   187 | D:1      | Learned a level 2 spell: Throw Flame
   826 | D:1      | Reached XP level 3. HP: 8/26 MP: 3/6
  1156 | D:2      | Learned a level 3 spell: Conjure Flame
  1677 | D:2      | Noticed Sigmund
  1906 | D:2      | Reached XP level 4. HP: 31/33 MP: 1/8
  1943 | D:2      | Found an ornate altar of the Wu Jian Council.
  1945 | D:2      | Found a sparkling altar of Nemelex Xobeh.
  2143 | D:3      | Noticed Terence
  2150 | D:3      | Killed Terence
  2150 | D:3      | Reached skill level 1 in Short Blades
  2445 | D:3      | Reached XP level 5. HP: 11/38 MP: 6/10
  2453 | D:3      | Learned a level 3 spell: Inner Flame
  2675 | D:3      | Found a bloodstained altar of Trog.
  2852 | D:3      | Noticed Duffy's ghost (amateur FoFi)
  3776 | D:4      | Found a sacrificial altar of Ru.
  3840 | D:4      | Found a staircase to the Ecumenical Temple.
  3846 | Temple   | Entered the Ecumenical Temple
  3853 | Temple   | Became a worshipper of Warmaster Okawaru
  3948 | D:4      | Reached XP level 6. HP: 37/45 MP: 1/12
  3954 | D:4      | Learned a level 4 spell: Sticky Flame
  4356 | D:4      | Noticed Xenophilius's ghost (amateur NaEn)
  4787 | D:4      | Found a shimmering altar of Xom.
  4925 | D:4      | Your scales start taking on a pale cyan-grey colour.
  4925 | D:4      | Reached skill level 5 in Fire Magic
  4925 | D:4      | Reached XP level 7. HP: 45/50 MP: 13/13
  4950 | D:4      | Reached * piety under Okawaru
  5391 | D:5      | Entered Level 5 of the Dungeon
  5809 | D:5      | Reached skill level 5 in Short Blades
  6105 | D:5      | Reached skill level 5 in Spellcasting
  7255 | D:6      | Noticed a steam dragon
  7257 | D:6      | Noticed anet's ghost (novice DEWz)
  7264 | D:6      | Reached XP level 8. HP: 48/57 MP: 11/16
  7376 | D:6      | Reached ** piety under Okawaru
  7481 | D:6      | Found a blossoming altar of Fedhas.
  7889 | D:6      | Found a glowing golden altar of the Shining One.
  7935 | D:6      | Noticed Grinder
  7938 | D:6      | Paralysed by Grinder for 4 turns
  7946 | D:6      | Killed Grinder
  8995 | D:6      | Found Naqub's Armour Shop.
  9004 | D:6      | Bought a +0 pair of gloves for 45 gold pieces
  9163 | D:7      | Reached XP level 9. HP: 44/62 MP: 8/19
  9188 | D:7      | Learned a level 5 spell: Fireball
  9190 | D:7      | Learned a level 1 spell: Shock
  9333 | D:7      | Found a runed door.
  9338 | D:7      | Found a runed gate.
  9354 | D:7      | Reached *** piety under Okawaru
  9354 | D:7      | Reached skill level 1 in Axes
  9354 | D:7      | Reached skill level 1 in Invocations
  9354 | D:7      | Reached skill level 1 in Evocations
  9854 | D:7      | Noticed Joseph
  9865 | D:7      | Shot with a sling bullet by Joseph

Vault maps used:
D:1:      roderic_crossed_star, minmay_parallelograms, serial_bayou_lagoon_a
D:2:      nicolae_overflow_hidden_temple, first_bread, grunt_ministairs_15,
          uniq_sigmund
D:3:      bloody_trog, uniq_terence
D:4:      tgw_xom, old_standard_altar, temple_green
D:6:      fedhas_altar_3, serial_shops, shop, nicolae_tso_swordbearing_angel,
          uniq_grinder
D:7:      lemuel_mausoleum_altar_yredelemnul,
          minmay_guarded_unrand_staff_of_olgreb, uniq_pikel, uniq_joseph
Temple:   nicolae_temple_no_exploring_needed

Skill      XL: |  1  2  3  4  5  6  7  8  9 |
---------------+----------------------------+-----
Fire Magic     | 4 5 6 |  6.7
Spellcasting   | 3 4 5 6 7 |  7.1
Short Blades   | 1 2 4 6 7 |  7.9
Axes           | 1 |  1.3
Invocations    | 1 |  1.3
Evocations     | 1 |  1.3
Dodging        | |  1.7
Stealth        | |  1.7
Conjurations   | |  1.0

Action                   |  1- 3 |  4- 6 |  7- 9 || total
-------------------------+-------+-------+-------++-------
Melee: Club              |    36 |       |       ||    36
       Dagger            |    28 |       |       ||    28
       Tailslap          |     7 |    13 |    30 ||    50
       Short sword       |    67 |   154 |   355 ||   576
       Battleaxe         |       |       |    32 ||    32
 Cast: Flame Tongue      |    33 |    34 |   110 ||   177
       Throw Flame       |     7 |    24 |    35 ||    66
       Shock             |       |       |    18 ||    18
Invok: Heroism           |       |       |     1 ||     1
 Abil: Breathe Steam     |       |       |     6 ||     6
Evoke: Wand              |       |       |     7 ||     7
  Use: Scroll            |       |     7 |     8 ||    15
       Potion            |       |     6 |     3 ||     9
 Stab: Sleeping          |     2 |     2 |     1 ||     5
  Eat: Bread ration      |     1 |     2 |     1 ||     4
       Chunk             |       |     5 |     4 ||     9
       Fruit             |       |       |     2 ||     2
       Meat ration       |       |       |     1 ||     1
Armor: Skin              |    40 |    61 |   284 ||   385
Dodge: Dodged            |   102 |   126 |   380 ||   608
